Map: 锈化山巅-天梯版

Players

TIME (Oliveira) - Winner!

  • Race: Terran Terran

夜蝶蝶蝶蝶蝶蝶蝶 (Firefly)

  • Race: Protoss Protoss
  • League: Master

Event: DreamHack SC2 Masters 2020 Winter

VOD

Have the link to the VOD?

Description

Time

  • Played on: Oct. 28, 2020, 8:45 a.m.
  • Length: 6:34

All games in this series

Show
View Real Time Build Order
Export as new Build Order

TIME Terran - Winner!

Build Orders:  

Get SALT Encoding   

  12  0:00  SCV  
  13  0:12  SCV  
  14  0:17  Supply Depot  
  14  0:24  SCV  
  15  0:39  SCV, Barracks  
  16  0:43  Refinery  
  16  0:51  SCV  
  17  1:03  SCV  
  18  1:15  SCV  
  19  1:28  Reaper  
  19  1:29  SCV  
  21  1:34  Command Center  
  21  1:45  Orbital Command  
  21  1:55  Supply Depot  
  21  2:00  Marine  
  22  2:09  Factory  
  22  2:12  SCV  
  23  2:18  Refinery  
  23  2:22  Barracks Reactor  
  23  2:24  SCV  
  24  2:34  Barracks  
  24  2:36  SCV  
  25  2:45  Orbital Command  
  25  2:50  SCV  
  26  2:53  Factory Tech Lab  
  26  2:58  Marine x2  
  26  3:02  SCV  
  29  3:13  SCV, Cyclone  
  29  3:14  SCV  
  29  3:16  Marine x2  
  36  3:21  Supply Depot  
  36  3:22  Barracks Tech Lab  
  36  3:26  SCV  
  37  3:30  SCV  
  37  3:34  Marine x2  
  37  3:38  SCV  
  40  3:42  Marine, Stimpack  
  40  3:47  Siege Tank  
  42  3:52  Marine x2, SCV  
  45  3:57  SCV, Supply Depot  
  45  4:00  Marine  
  47  4:05  Starport  
  47  4:06  SCV  
  47  4:09  Marine  
  49  4:10  SCV  
  49  4:13  Marine  
  49  4:14  Refinery  
  51  4:18  SCV  
  51  4:20  Supply Depot  
  51  4:21  Marine  
  51  4:22  SCV  
  54  4:28  Siege Tank  
  54  4:29  Marine  
  58  4:32  SCV  
  58  4:34  SCV  
  58  4:37  Engineering Bay  
  60  4:40  Marine  
  60  4:42  Supply Depot  
  60  4:45  Medivac  
  63  4:46  Marine  
  63  4:49  SCV, Marine  
  63  4:51  SCV  
  67  4:56  Supply Depot  
  67  4:58  Marine  
  68  5:04  Marine, Barracks  
  68  5:05  SCV  
  68  5:06  SCV  
  71  5:11  Marine  
  72  5:15  Starport Reactor  
  72  5:16  Factory Reactor  
  72  5:17  SCV  
  72  5:18  SCV  
  74  5:21  Supply Depot  
  74  5:22  Refinery  
  74  5:26  Marine  
  75  5:28  Marine  
  75  5:29  SCV  
  75  5:34  Supply Depot  
  75  5:35  SCV  
  78  5:37  Marine  
  75  5:44  Marine  
  75  5:46  Marine  
  73  5:53  Medivac x2  
  73  5:54  Widow Mine  
  73  5:55  Marine  
  80  5:59  SCV  
  80  6:00  SCV  
  80  6:02  Marine  
  80  6:03  Marine  
  84  6:06  Marine  
  82  6:18  Command Center  
Show
View Real Time Build Order
Export as new Build Order

夜蝶蝶蝶蝶蝶蝶蝶 Protoss 

Build Orders: 1 Gate Expand, Blink Stalkers 

Get SALT Encoding   

  12  0:00  Probe  
  13  0:12  Probe  
  14  0:16  Pylon  
  14  0:24  Probe  
  15  0:35  Gateway  
  15  0:38  Probe (Chrono Boost)  
  16  0:47  Assimilator, Probe (Chrono Boost)  
  17  0:52  Probe (Chrono Boost)  
  18  1:04  Probe  
  19  1:16  Probe  
  20  1:26  Cybernetics Core  
  20  1:34  Nexus  
  20  1:36  Probe  
  21  1:43  Pylon  
  21  1:48  Probe  
  21  1:51  Assimilator  
  22  1:59  Adept (Chrono Boost)  
  23  2:05  Shield Battery  
  23  2:07  Probe  
  25  2:10  Warp Gate  
  25  2:19  Stalker (Chrono Boost)  
  27  2:23  Probe  
  28  2:36  Probe  
  29  2:40  Twilight Council  
  29  2:47  Probe  
  29  2:48  Probe  
  31  2:52  Stalker (Chrono Boost)  
  33  2:59  Probe  
  33  3:00  Probe  
  35  3:11  Probe  
  37  3:12  Probe  
  37  3:17  Blink (Chrono Boost)  
  37  3:24  Probe  
  37  3:25  Probe  
  39  3:35  Gateway  
  39  3:36  Probe  
  39  3:37  Gateway, Probe  
  41  3:48  Probe  
  42  3:49  Probe  
  42  3:52  Robotics Facility  
  39  3:58  Stalker  
  39  4:00  Probe  
  39  4:01  Probe  
  43  4:06  Pylon  
  43  4:13  Nexus  
  43  4:17  Probe  
  43  4:18  Pylon  
  43  4:19  Probe  
  45  4:27  Stalker  
  45  4:30  Probe  
  48  4:31  Stalker  
  48  4:32  Stalker  
  52  4:40  Probe  
  52  4:42  Probe  
  54  4:49  Forge  
  54  4:52  Pylon, Probe  
  55  4:54  Probe  
  55  4:56  Stalker x2  
  55  4:58  Shield Battery  
  60  5:04  Probe  
  60  5:06  Probe  
  62  5:16  Observer (Chrono Boost), Probe  
  62  5:17  Pylon  
  62  5:18  Probe  
  65  5:27  Gateway  
  65  5:28  Gateway, Probe x2  
  65  5:30  Probe  
  65  5:34  Stalker x3  
  63  5:59  Stalker x2  
  63  6:00  Stalker  
Tags
 
Add a new tag
Caveats
  • Supply blocks, unpowered buildings, or Contaminate may cause inaccurate times.
  • Supply counts are checked every 10 seconds.